 Dungeon Sprint DCSS version 0.31-a0-182-gc5ef74bbde (webtiles) character file.

Game seed: 11741972723864394560

26 rocky1 the Carver (level 6, -4/44 HPs)
             Began as a Demonspawn Gladiator on June 22, 2023.
             Was a Priest of Cheibriados.
             Slain by a gargoyle
             ... wielding a +0 mace
              (22 damage)
             ... in the Dungeon (Sprint VI: "Thunderdome").
             The game lasted 00:03:14 (344 turns).

rocky1 the Carver (Demonspawn Gladiator)             Turns: 344, Time: 00:03:15

Health: -4/44      AC:  3    Str: 22    XL:     6   Next: 19%
Magic:  10/10      EV: 13    Int: 18    God:    Cheibriados [***...]
Gold:   240        SH:  0    Dex: 24    Spells: 5/5 levels left

rFire   . . .        a - +0 long sword
rCold   . . .        (no shield)
rNeg    . . .        b - +0 leather armour
rPois   .            (helmet restricted)
rElec   .            (no cloak)
rCorr   .            (no gloves)
SInv    .            (no boots)
Will    .....        (no amulet)
Stlth   ++           (no ring)
HPRegen 0.27/turn    (no ring)
MPRegen 0.24/turn

%: no teleportation
@: very slow
A: horns 1, demonic guardian 1, magic regeneration
a: Renounce Religion, Bend Time, Temporal Distortion


You were in the Dungeon.
You worshipped Cheibriados.
Cheibriados was most pleased with you.
You visited 1 branch You collected 240 gold pieces.

Inventory:

Hand Weapons
 a - a +0 long sword (weapon)
Missiles
 d - 3 throwing nets
 e - a javelin
 f - 6 poisoned darts (quivered)
 q - a curare-tipped dart
Armour
 b - a +0 leather armour (worn)
 c - a +0 helmet
Wands
 m - a wand of acid (3)
 n - a wand of roots (5)
Scrolls
 k - 4 scrolls of blinking
 o - 3 scrolls of fog
Potions
 g - a potion of heal wounds
 h - 4 potions of haste
 i - 2 potions of magic
 j - a potion of berserk rage
 l - a potion of resistance
 p - a potion of degeneration {unknown}


   Skills:
 - Level 2.0 Fighting
 * Level 11.5 Long Blades
 - Level 1.7 Throwing
 - Level 2.6 Dodging
 + Level 5.8 Invocations


You had 5 spell levels left.
You didn't know any spells.
Your spell library was empty.

Dungeon Overview and Level Annotations

Branches:
Dungeon (1/1)

Altars:
Cheibriados
Dithmenos
Fedhas
Gozag
Kikubaaqudgha
Makhleb
Okawaru
Qazlal
Ru
Sif Muna
Trog
Uskayaw
Vehumet
Wu Jian
Xom
Yredelemnul
Lugonu

Shops:
D *[??*?*:[((!!!!


Innate Abilities, Weirdness & Mutations

You have a pair of small horns on your head.
A weak demonic guardian rushes to your aid.
You regenerate magic rapidly.


Message History

r - Retreat! s - Stop attacking. g - Guard the area. f - Follow me.
Anything else - Cancel.
You shout for attention!
Time's up!
The arena falls silent.
You lost your score multiplier.
You now have 26 arena points (gained 12).
Unknown command.
You now have 240 gold pieces (gained 20).
Unknown command.
Get ready!
ROUND 3!
FIGHT!
A gargoyle comes into view. It is wielding a +0 mace.
The gargoyle hurls a stone arrow at you.
The stone arrow hits you!!
Ouch! That really hurt!
A demonic guardian appears!
You are too injured to fight recklessly!
Unknown command.
You feel much better.
Unknown command.
The gargoyle hits you with a +0 mace.
The gargoyle hurls a stone arrow at you.
The stone arrow hits you!!
Ouch! That really hurt!
* * * LOW HITPOINT WARNING * * *
Unknown command.
You slash the gargoyle!
You headbutt the gargoyle, but do no damage.
The gargoyle is moderately damaged.
You feel much better. The gargoyle hits you with a +0 mace!!
Your iron imp closely misses the gargoyle.
Unknown command.
You barely miss the gargoyle.
You headbutt the gargoyle, but do no damage.
The gargoyle is moderately damaged.
The gargoyle hits you with a +0 mace!!
Ouch! That really hurt!
You die...

##.....## ##∩.....∩##
#∩.......∩# #_......._#
#_......._# #........_#
###....(....###
#⌠9.........)⌠#
######58@........8.######
##.___......###...[...._∩#
###∩........8.# #.8........∩
#.............###.).........
⌠..........###...###........
⌠..........# #.<.# #........
⌠..........###...###........
#.............###...........
###∩........8.# #.8........∩


You could see a gargoyle (ally target) and a friendly iron imp (summoned).

Vanquished Creatures
  Sigmund (D)
  A kobold brigand (D)
  An adder (D)
  A ball python (D)
  3 hobgoblins (D)
  2 kobolds (D)
  A rat (D)
10 creatures vanquished.

Vanquished Creatures (collateral kills)
  A kobold brigand (D)
1 creature vanquished.

Grand Total: 11 creatures vanquished

Notes
Turn   | Place    | Note
-------+----------+-------------------------------------------
     0 | D        | rocky1 the Demonspawn Gladiator began the quest for the
                  | Orb.
     0 | D        | Reached XP level 1. HP: 16/16 MP: 1/1
     4 | D        | Found an opulent altar of Gozag.
     5 | D        | Found a sacrificial altar of Ru.
     5 | D        | Round 1.
     6 | D        | Found a burning altar of Makhleb.
     6 | D        | Found an iron altar of Okawaru.
     7 | D        | Found a shadowy altar of Dithmenos.
     7 | D        | Found an ornate altar of the Wu Jian Council.
     7 | D        | Found Damizyk's Identification Station.
     8 | D        | Found Ihomucoi's Jewellery.
     8 | D        | Found Vuwe's Advanced Armour.
    11 | D        | Found a bloodstained altar of Trog.
    12 | D        | Found an ancient bone altar of Kikubaaqudgha.
    13 | D        | Found a shimmering blue altar of Sif Muna.
    13 | D        | Found a hide-covered altar of Uskayaw.
    13 | D        | Found Boyprote's Premium Goods.
    13 | D        | Found Suopsareu's Weapon Rack.
    14 | D        | Found Errucyi's Miscellaneous Merchandise.
    14 | D        | Found Ecuubam's Basic Armour.
    17 | D        | Found a basalt altar of Yredelemnul.
    19 | D        | Found a stormy altar of Qazlal.
    20 | D        | Found Xuprurus's Do-It-Yourself Clinic.
    20 | D        | Found a radiant altar of Vehumet.
    20 | D        | Found Coomic's Distillery.
    21 | D        | Found Epsufex's Bottled Wisdom.
    21 | D        | Found Zodirph's Distillery.
    26 | D        | Noticed Sigmund
    27 | D        | Found a blossoming altar of Fedhas.
    28 | D        | Found a corrupted altar of Lugonu.
    30 | D        | Killed Sigmund
    31 | D        | Reached skill level 10 in Long Blades
    31 | D        | Gained mutation: A weak demonic guardian rushes to your
                  | aid. [demonic ancestry]
    31 | D        | Reached XP level 2. HP: 22/22 MP: 2/2
    31 | D        | Reached XP level 3. HP: 27/27 MP: 3/3
    31 | D        | Reached XP level 4. HP: 33/33 MP: 4/4
    31 | D        | Gained mutation: You have a pair of small horns on your
                  | head. [demonic ancestry]
    31 | D        | Reached XP level 5. HP: 38/38 MP: 5/5
    31 | D        | Found a snail-covered altar of Cheibriados.
    32 | D        | Found Roloorodd's Staff Store.
    35 | D        | Found Zumm's Must-Have Magic.
    35 | D        | Found Pinnuxeu's Magic Scroll Shop.
    36 | D        | Found a shimmering altar of Xom.
    36 | D        | Found Tetiddah's Magic Scroll Shop.
    43 | D        | Became a worshipper of Cheibriados the Contemplative
    71 | D        | Reached * piety under Cheibriados
   110 | D        | Reached ** piety under Cheibriados
   111 | D        | Reached skill level 1 in Invocations
   117 | D        | Arena points: 14 (+14) [x2]
   178 | D        | Round 2.
   202 | D        | Reached *** piety under Cheibriados
   213 | D        | Reached skill level 11 in Long Blades
   230 | D        | Reached skill level 5 in Invocations
   230 | D        | Gained mutation: You regenerate magic rapidly. [demonic
                  | ancestry]
   230 | D        | Reached XP level 6. HP: 35/44 MP: 8/10
   290 | D        | Arena points: 26 (+12) [x1]
   299 | D        | Round 3.
   337 | D        | Noticed a gargoyle
   344 | D        | Slain by a gargoyle

Illustrated notes

Levels and vault maps discovered:
D:        arena_sprint

Skill      XL: |  1  2  3  4  5 |
---------------+----------------+-----
Long Blades    | 10 11 | 11.5
Invocations    | 5 |  5.8
Fighting       | |  2.0
Throwing       | |  1.7
Dodging        | |  2.6

Action                     |  1- 3 |  4- 6 || total
---------------------------+-------+-------++-------
  Melee: Long sword        |       |    32 ||    32
         Headbutt          |       |     8 ||     8
  Evoke: Wand              |     2 |       ||     2
    Use: Potion            |       |     4 ||     4
 Armour: Leather armour    |       |     2 ||     2
  Dodge: Dodged            |       |    15 ||    15

Table legend: (Time is in decaauts)
 A = Elapsed time spent in this place.
 B = Non-inter-level travel time spent in this place.
 C = Inter-level travel time spent in this place.
 D = Time resting spent in this place.
 E = Time spent auto-exploring this place.
 F = Levels seen in this place.
 G = Mean time per level.
                   A        B        C        D        E       F      G
               +--------+--------+--------+--------+--------+-----+--------+
         Total |    449 |    449 |      0 |     45 |      0 |   1 |  449.0 |
       Dungeon |    449 |    449 |      0 |     45 |      0 |   1 |  449.0 |
               +--------+--------+--------+--------+--------+-----+--------+

Top non-repeatable levels by time:
       D: 449 daAuts
